 Dungeon Crawl Stone Soup version 0.18-b1-14-g029dad2 (webtiles) character file.

3123 LORDOFBUTT the Cleaver (level 9, -7/81 HPs)
             Began as a Minotaur Fighter on Apr 30, 2016.
             Was a Follower of Ashenzari.
             Mangled by LORDOFBUTT's ghost (20 damage)
             ... on level 8 of the Dungeon.
             The game lasted 00:07:51 (6094 turns).

LORDOFBUTT the Cleaver (Minotaur Fighter)           Turns: 6094, Time: 00:07:51

Health: -7/81      AC:  8    Str: 20    XL:     9   Next: 60%
Magic:  8/8        EV: 12    Int:  5    God:    Ashenzari [*.....]
Gold:   199        SH: 11    Dex: 14    Spells: 0 memorised, 8 levels left

rFire  + . .     SeeInvis +     a - +3 war axe (curse)
rCold  + . .     Gourm    .     b - +0 scale mail
rNeg   . . .     Faith    .     c - +0 shield (curse)
rPois  +         Spirit   .     (helmet restricted)
rElec  +         Dismiss  .     (no cloak)
rCorr  +         Reflect  .     (no gloves)
SustAt .         Harm     .     (no boots)
MR     .....                    (no amulet)
Stlth  ..........               (no ring)
                                i - ring of see invisible (curse)

@: resistant, not resistant to hostile enchantments, extremely unstealthy
A: retaliatory headbutt, horns 2
a: Curse Item, Scrying, Renounce Religion


You were on level 8 of the Dungeon.
You worshipped Ashenzari.
Ashenzari was aware of your devotion.
You were not hungry.

You visited 1 branch of the dungeon, and saw 8 of its levels.

You collected 199 gold pieces.

Inventory:

Hand Weapons
 a - a cursed +3 war axe (weapon)
Armour
 b - a +0 scale mail (worn)
 c - a cursed +0 shield (worn)
Jewellery
 i - a cursed ring of see invisible (left hand)
Wands
 d - a wand of digging (16/24)
 k - a wand of flame (48/48)
 t - a wand of random effects (30/48)
Scrolls
 e - 2 scrolls of immolation
 h - a scroll of amnesia
 j - 2 scrolls of teleportation
 l - a scroll of enchant armour {unknown}
 q - a scroll of identify
 r - a scroll of fear
 v - a scroll of blinking
 w - a scroll of summoning {unknown}
Potions
 g - a potion of cancellation {unknown}
 m - 2 potions of resistance
 n - 2 potions of haste {unknown}
 o - 2 potions of brilliance {unknown}
 p - 5 potions of curing
 s - 2 potions of lignification {unknown}
 x - a potion of berserk rage {unknown}
Books
 u - a book of Death

   Spells                             Type                      Level
   a - Corpse Rot                     Necromancy                   2
   b - Sublimation of Blood           Necromancy                   2
   c - Agony                          Necromancy                   5
   d - Dispel Undead                  Necromancy                   5
   e - Excruciating Wounds            Charms/Necromancy            5
   f - Bolt of Draining               Conjuration/Necromancy       5
Comestibles
 f - 5 bread rations


   Skills:
 + Level 7.8 Fighting
 + Level 8.3 Axes
 + Level 8.0 Armour
 + Level 6.2 Dodging
 + Level 0.8 Stealth
 + Level 7.8 Shields


You had 8 spell levels left.
You didn't know any spells.

Dungeon Overview and Level Annotations

Branches:
Dungeon (8/15)             Temple (0/1) D:4
   Lair: D:8-11

Altars:
Ashenzari
Dithmenos
Makhleb
Okawaru
Pakellas
Qazlal
Ru
Sif Muna
Trog
Vehumet
Yredelemnul
The Shining One

Shops:
D:7 %

Annotations:
D:3 Buffagor's ghost, amateur HOFi
D:8 LORDOFBUTT's ghost, novice DsMo


Innate Abilities, Weirdness & Mutations

You reflexively headbutt those who attack you in melee.
You have a pair of horns on your head.


Message History

You block the adder's attack. LORDOFBUTT's ghost hits you!
* * * LOW HITPOINT WARNING * * *
You slash LORDOFBUTT's ghost!
LORDOFBUTT's ghost is moderately damaged.
You miss the adder.
The adder is severely wounded.
The adder barely misses you. You furiously retaliate!
You headbutt the adder, but do no damage.
You block the adder's attack. You block LORDOFBUTT's ghost's attack.
You closely miss LORDOFBUTT's ghost.
Your headbutt misses LORDOFBUTT's ghost.
LORDOFBUTT's ghost is moderately damaged.
You hit the adder.
You kill the adder!
LORDOFBUTT's ghost hits you!
* * * LOW HITPOINT WARNING * * *
You hit LORDOFBUTT's ghost.
LORDOFBUTT's ghost is moderately damaged.
LORDOFBUTT's ghost hits you!!
You die...

# ### .. ..# ##+##
#. #.# ##...## #.
#.###.....## #
##.###.##....)..##
#.#...##.#....@....#
#........'.)..W....+
#........#.).......#
##...<#####.......##
#....# ##.....##
#.#### ##...## #
##'## #.#


You could see LORDOFBUTT's ghost.

Vanquished Creatures
  The ghost of braveplatypus the Basher, a novice OgGl (D:4)
  A two-headed ogre (D:6)
  Sigmund (D:3)
  An ice beast (D:7)
  A phantom (D:5)
  A sky beast (D:5)
  An ogre (D:5)
  5 centaurs
  A crocodile (D:7)
  4 giant frogs (D:7)
  2 scorpions
  A howler monkey (D:6)
  5 wights (D:6)
  3 crimson imps
  A centaur zombie (D:5)
  5 hounds
  5 orc priests
  Crazy Yiuf (D:2)
  A jelly (D:6)
  4 orc wizards
  Jessica (D:3)
  Terence (D:2)
  2 worker ants (D:4)
  A hound zombie (D:7)
  2 worker ant zombies
  3 gnolls (D:3)
  2 howler monkey skeletons
  10 adders
  A shadow imp (D:7)
  2 oozes
  An adder zombie (D:5)
  2 worms (D:3)
  3 dart slugs
  4 giant geckos
  21 orcs
  A ball python (D:1)
  9 bats
  5 giant cockroaches
  5 goblins
  7 hobgoblins
  7 jackals
  5 quokkas
  3 giant newts
  9 kobolds
  6 rats
  2 fungi (D:2)
160 creatures vanquished.

Notes
Turn   | Place    | Note
--------------------------------------------------------------
     0 | D:1      | LORDOFBUTT the Minotaur Fighter began the quest for the Orb.
     0 | D:1      | Reached XP level 1. HP: 19/19 MP: 0/0
   200 | D:1      | Reached XP level 2. HP: 27/27 MP: 1/1
   643 | D:2      | Noticed Terence
   651 | D:2      | Killed Terence
   651 | D:2      | Reached XP level 3. HP: 28/33 MP: 2/2
   746 | D:2      | Found a burning altar of Makhleb.
   842 | D:2      | Found a shattered altar of Ashenzari.
   848 | D:2      | Reached XP level 4. HP: 28/40 MP: 3/3
   866 | D:2      | Became a worshipper of Ashenzari the Shackled
  1356 | D:2      | Noticed Crazy Yiuf
  1364 | D:2      | Killed Crazy Yiuf
  1364 | D:2      | Reached skill level 1 in Dodging
  1461 | D:3      | Noticed Buffagor's ghost (amateur HOFi)
  1768 | D:3      | Noticed Jessica
  1769 | D:3      | Killed Jessica
  1769 | D:3      | Reached XP level 5. HP: 43/46 MP: 4/4
  1989 | D:3      | Noticed Sigmund
  2000 | D:3      | Killed Sigmund
  2000 | D:3      | Reached skill level 5 in Armour
  2000 | D:3      | Reached XP level 6. HP: 47/53 MP: 5/5
  2341 | D:3      | Reached skill level 5 in Shields
  2398 | D:3      | Reached skill level 5 in Fighting
  2783 | D:4      | Noticed braveplatypus's ghost (novice OgGl)
  2871 | D:4      | Killed braveplatypus's ghost
  2871 | D:4      | Reached skill level 5 in Axes
  2871 | D:4      | Reached XP level 7. HP: 12/61 MP: 6/6
  2970 | D:4      | Found a staircase to the Ecumenical Temple.
  3246 | D:4      | Found a sacrificial altar of Ru.
  3496 | D:5      | Entered Level 5 of the Dungeon
  3505 | D:5      | Reached XP level 8. HP: 54/70 MP: 7/7
  4344 | D:6      | Reached * piety under Ashenzari
  4513 | D:6      | Reached skill level 5 in Dodging
  4515 | D:6      | Found a basalt altar of Yredelemnul.
  4572 | D:6      | Reached XP level 9. HP: 72/78 MP: 8/8
  4695 | D:6      | Found a glowing golden altar of the Shining One.
  4700 | D:6      | Found an oddly glowing altar of Pakellas.
  4701 | D:6      | Found a bloodstained altar of Trog.
  4703 | D:6      | Found a deep blue altar of Sif Muna.
  4847 | D:6      | Found an iron altar of Okawaru.
  4852 | D:6      | Found a radiant altar of Vehumet.
  5452 | D:7      | Found Palyfit's Food Shop.
  5788 | D:7      | Found a stormy altar of Qazlal.
  6020 | D:7      | Found a shadowy altar of Dithmenos.
  6085 | D:8      | Noticed LORDOFBUTT's ghost (novice DsMo)
  6094 | D:8      | Mangled by LORDOFBUTT's ghost

Skill      XL: |  1  2  3  4  5  6  7  8  9 |
---------------+----------------------------+-----
Axes           | 3 4 5 7 8 |  8.3
Armour         | 4 5 6 7 8 |  8.0
Shields        | 4 5 6 7 |  7.8
Fighting       | 4 5 6 7 |  7.8
Dodging        | 1 2 3 4 5 6 |  6.2
Stealth        | |  0.8

Action                   |  1- 3 |  4- 6 |  7- 9 || total
-------------------------+-------+-------+-------++-------
Melee: War axe           |    52 |   187 |   228 ||   467
       Headbutt          |     9 |    30 |    53 ||    92
Invok: Curse Item        |       |     1 |     2 ||     3
  Use: Scroll            |       |    10 |     2 ||    12
       Potion            |       |     1 |     1 ||     2
  Eat: Meat ration       |       |     1 |     1 ||     2
       Beef jerky        |       |     1 |     1 ||     2
       Bread ration      |       |       |     1 ||     1
Armor: Scale mail        |    29 |    78 |    68 ||   175
Dodge: Dodged            |    22 |    61 |    82 ||   165
Block: Shield            |    23 |   104 |   121 ||   248
